 Dungeon Crawl Stone Soup version 0.29-a0-700-g2f1814c (webtiles) character file.

Game seed: 746923929658634253

5834 Dawnplanks the Martial Artist (level 10, -9/68 (77) HPs)
             Began as a Green Draconian Transmuter on June 25, 2022.
             Was a Believer of Ru.
             Mangled by a spectral orc knight
             ... wielding a +0 great sword
             ... summoned by Nergalle
              (12 damage)
             ... on level 10 of the Dungeon.
             The game lasted 00:32:14 (10996 turns).

Dawnplanks the Martial Artist (DrTm)               Turns: 10996, Time: 00:32:18

HP:   -9/68 (77)    AC:  9    Str: 14    XL:     10   Next: 51%
MP:   29/29         EV: 14    Int: 14    God:    Ru [**....]
Gold: 375           SH:  0    Dex: 14    Spells: 12/22 levels left

rFire   x . .      SeeInvis .   G - +7 dagger of Buedgh {freeze, rPois rF- Will++ Stlth+}
rCold   . . .      Faith    .   (no shield)
rNeg    + . .      Spirit   .   (body armour unavailable)
rPois   +          Reflect  .   (helmet currently unavailable)
rElec   .          Harm     .   A - +0 cloak of Weirdness {rN+ MP+9}
rCorr   +          Rampage  .   y - +0 pair of gloves
Will    +++..                   (boots currently unavailable)
Stlth   +++.......              K - amulet of magic regeneration
HPRegen 0.21/turn               o - ring of resist corrosion
MPRegen 0.61/turn               H - ring of willpower

@: appendages, heavily drained
A: horns 2, talons 2, breathe noxious fumes, AC +7, unfitting armour, poison
resistance, cold-blooded, inability to use devices
a: Breathe Noxious Fumes, End Transformation, Renounce Religion


You were on level 10 of the Dungeon.
You worshipped Ru.
Ru was pleased with you.
You had temporarily grown beastly horns and talons.
You visited 2 branches of the dungeon, and saw 11 of its levels.

You collected 505 gold pieces.
You spent 130 gold pieces at shops.

Inventory:

Hand Weapons
 a - a +4 quarterstaff of chaos
 t - a +0 hammer
 G - the +7 dagger of Buedgh (weapon) {freeze, rPois rF- Will++ Stlth+}
   (You found it on level 7 of the Dungeon)

   It freezes those it strikes, dealing additional cold damage.
   It can also slow down cold-blooded creatures.
   rF:        It makes you vulnerable to fire.
   rPois:     It protects you from poison.
   Will:      It greatly increases your willpower.
   Stlth:     It makes you more stealthy.
Missiles
 e - 58 stones (quivered)
 q - 3 atropa-tipped darts
 B - a curare-tipped dart
 L - a javelin
 M - a silver boomerang
Armour
 s - a +0 cloak
 y - a +0 pair of gloves (worn)
 A - the +0 cloak of Weirdness (worn) {rN+ MP+9}
   (You found it on level 6 of the Dungeon)

   rN:        It protects you from negative energy.
   MP:        It affects your magic capacity (+9).
Magical Staves
 h - a staff of death
Jewellery
 o - a ring of resist corrosion (left hand)
 H - a ring of willpower (right hand)
 J - a ring of magical power
 K - an amulet of magic regeneration (around neck)
Scrolls
 b - a scroll of fog {unknown}
 c - 3 scrolls of teleportation {unknown}
 f - 2 scrolls of silence {unknown}
 g - a scroll of fear {unknown}
 j - 2 scrolls of noise {unknown}
 n - 4 scrolls of identify {unknown}
 r - 2 scrolls of blinking {unknown}
 x - 2 scrolls of torment {unknown}
 z - 2 scrolls of amnesia {unknown}
 D - a scroll of vulnerability {unknown}
 F - 2 scrolls of brand weapon {unknown}
Potions
 d - 5 potions of cancellation {unknown}
 i - 2 potions of haste {unknown}
 k - a potion of degeneration {unknown}
 l - 2 potions of flight {unknown}
 m - 3 potions of heal wounds {unknown}
 p - 2 potions of ambrosia {unknown}
 u - 5 potions of brilliance {unknown}
 v - 6 potions of curing {unknown}
 w - a potion of resistance {unknown}
 C - a potion of attraction {unknown}
 I - a potion of invisibility {unknown}
 N - a potion of magic {unknown}


   Skills:
 + Level 3.6 Fighting
 + Level 3.3 Short Blades
 + Level 5.0 Dodging
 + Level 3.2 Stealth
 + Level 8.5 Unarmed Combat
 + Level 6.9 Spellcasting
 + Level 7.4 Transmutations
 + Level 5.4 Poison Magic


You had 12 spell levels left.
You knew the following spells:

 Your Spells              Type           Power      Damage    Failure   Level
a - Beastly Appendage     Tmut           50%        N/A       1%          1
b - Wereblood             Tmut           25%        N/A       1%          2
c - Spider Form           Tmut/Pois      22%        N/A       3%          3
d - Ice Form              Ice/Tmut       15%        N/A       30%         4

Your spell library contained the following spells:

 Spells                   Type           Power      Damage    Failure   Level
 Passwall                 Tmut/Erth      12%        N/A       4%          2
 Ensorcelled Hibernation  Hex/Ice        8%         N/A       22%         2
 Call Canine Familiar     Summ           4%         N/A       41%         3
 Portal Projectile        Hex/Tloc       8%         N/A       41%         3
 Swiftness                Air            4%         N/A       41%         3
 Leda's Liquefaction      Hex/Erth       2%         N/A       82%         4


Dungeon Overview and Level Annotations

Branches:
Dungeon (10/15)            Temple (1/1) D:7            Lair (0/6) D:8
    Orc: D:9-12

Altars:
Ashenzari
Cheibriados
Dithmenos
Elyvilon
Fedhas
Gozag
Hepliaklqana
Kikubaaqudgha
Makhleb
Nemelex Xobeh
Okawaru
Qazlal
Ru
Sif Muna
Trog
Uskayaw
Wu Jian
Xom
Yredelemnul
Zin
The Shining One

Shops:
D:3 :   D:6 *   D:7 *(   D:8 [   D:9 (

Annotations:
D:10 Nergalle


Innate Abilities, Weirdness & Mutations

You have temporarily grown beastly horns and talons.
You can breathe blasts of noxious fumes.
Your lurid green scales are hard. (AC +7)
You cannot fit into any form of body armour.
Your system is resistant to poisons. (rPois)
You are cold-blooded and may be slowed by cold attacks.
You cannot study or use magical devices.


Message History

The spectral orc barely misses you.
You closely miss Nergalle.
You headbutt Nergalle, but do no damage.
Nergalle is heavily wounded.
Nergalle stops glowing.
The spectral orc hits you but does no damage.
The spectral orc hits you with a +0 whip.
You partially resist.
You feel drained. Nergalle closely misses you.
You barely miss Nergalle. Your kick misses Nergalle.
Your tail-slap misses Nergalle.
Nergalle is heavily wounded.
The spectral orc misses you.
The spectral orc warrior hits you with a +0 flail!
* * * LOW HITPOINT WARNING * * *
You partially resist.
You feel drained. Nergalle hits you but does no damage.
The spectral orc hits you but does no damage.
You hit Nergalle but do no damage. Your kick misses Nergalle.
You punch Nergalle, but do no damage.
Nergalle is heavily wounded.
The spectral orc closely misses you. The spectral orc warrior misses you.
You hit Nergalle but do no damage. Your kick misses Nergalle.
Nergalle is heavily wounded.
Nergalle hits you but does no damage. The spectral orc misses you.
The spectral orc hits you with a +0 flail!
* * * LOW HITPOINT WARNING * * *
The spectral orc knight misses you.
The spectral orc warrior barely misses you.
You barely miss Nergalle. You claw Nergalle, but do no damage.
You headbutt Nergalle, but do no damage.
Your tail-slap misses Nergalle.
Nergalle is heavily wounded.
Nergalle mutters something.
Nergalle hits you but does no damage. The spectral orc barely misses you.
You hit Nergalle but do no damage. Your kick misses Nergalle.
Nergalle is heavily wounded.
The spectral orc is stunned by your conviction and fails to attack.
The spectral orc warrior hits you with a +0 flail!
* * * LOW HITPOINT WARNING * * *
The spectral orc knight hits you with a +0 great sword!
You die...

#..... ##...!...
##.........
##..........
##...........
##............
##..?oZ........
#...Z@Z........
#....#.Z........
#.... ##.......#
>... ##.....##
... ##....# >.
....# # .....#
....... .......


You could see Nergalle, 2 spectral orcs, a spectral orc warrior (summoned) and a
spectral orc knight (summoned).

Vanquished Creatures
  Sigmund (D:3)
  A shadow (D:9)
  2 wyverns (D:9)
  9 yaks
  Eustachio (D:4)
  A steam dragon (D:8)
  2 water moccasins
  Duvessa (D:4)
  4 black bears
  2 orc warriors
  2 sky beasts
  An ogre (D:4)
  A centaur (D:7)
  3 bullfrogs
  A kobold brigand (D:7)
  A necrophage (D:8)
  3 scorpions
  6 wights
  Dowan (D:4)
  7 killer bees
  A howler monkey (D:4)
  Crazy Yiuf (D:4)
  3 jellies
  6 orc priests
  5 hounds (D:5)
  Jessica (D:3)
  A gnoll shaman (D:7)
  6 orc wizards
  3 iguanas
  Natasha (D:2)
  Robin (D:4)
  3 gnolls (D:7)
  7 adders
  3 shadow imps
  2 white imps
  An ufetubus (D:7)
  A worm (D:3)
  3 dart slugs
  23 orcs
  3 ball pythons
  2 endoplasms
  2 giant cockroaches (D:1)
  23 goblins
  8 hobgoblins
  5 jackals (D:4)
  3 quokkas
  2 bats
  4 frilled lizards
  13 kobolds
  5 rats
192 creatures vanquished.

Vanquished Creatures (others)
  A two-headed ogre (D:8)
  79 plants
80 creatures vanquished.

Grand Total: 272 creatures vanquished

Notes
Turn   | Place    | Note
-------+----------+-------------------------------------------
     0 | D:1      | Dawnplanks the Draconian Transmuter began the quest for the
                  | Orb.
     0 | D:1      | Reached XP level 1. HP: 16/16 MP: 3/3
   372 | D:1      | Reached XP level 2. HP: 23/23 MP: 3/5
   663 | D:1      | Learned a level 2 spell: Wereblood
  1342 | D:2      | Reached XP level 3. HP: 25/28 MP: 2/6
  1664 | D:2      | Noticed Natasha
  1674 | D:2      | Killed Natasha
  1675 | D:2      | Reached XP level 4. HP: 26/35 MP: 3/8
  1953 | D:3      | Found a white marble altar of Elyvilon.
  2029 | D:3      | Found Irinaloc's Book Shoppe.
  2128 | D:3      | Found a faded altar of an unknown god.
  2284 | D:3      | Noticed Sigmund
  2297 | D:3      | Killed Sigmund
  2298 | D:3      | Reached skill level 4 in Unarmed Combat
  2298 | D:3      | Reached XP level 5. HP: 34/40 MP: 6/10
  2788 | D:3      | Noticed Jessica
  2796 | D:3      | Killed Jessica
  2797 | D:3      | Reached XP level 6. HP: 40/47 MP: 9/11
  3394 | D:4      | Found a shadowy altar of Dithmenos.
  3469 | D:4      | Noticed Duvessa
  3470 | D:4      | Noticed Dowan
  3483 | D:4      | Killed Duvessa
  3484 | D:4      | Reached skill level 1 in Stealth
  3484 | D:4      | Reached skill level 5 in Unarmed Combat
  3484 | D:4      | Your scales start taking on a lurid green colour.
  3484 | D:4      | Reached XP level 7. HP: 43/53 MP: 10/13
  3484 | D:4      | Gained mutation: Your system is resistant to poisons.
                  | (rPois) [Green Draconian growth]
  3501 | D:4      | Killed Dowan
  3971 | D:4      | Found a runed translucent door.
  3972 | D:4      | Noticed Crazy Yiuf
  3981 | D:4      | Killed Crazy Yiuf
  4180 | D:4      | Noticed Robin
  4184 | D:4      | Noticed Eustachio
  4203 | D:4      | Killed Eustachio
  4204 | D:4      | Killed Robin
  4307 | D:4      | Reached skill level 6 in Unarmed Combat
  4346 | D:4      | Reached XP level 8. HP: 50/61 MP: 15/15
  4468 | D:5      | Entered Level 5 of the Dungeon
  4854 | D:5      | Reached skill level 5 in Spellcasting
  4854 | D:5      | Reached skill level 5 in Transmutations
  4902 | D:5      | Found Wytsyuf's General Store.
  5399 | D:5      | Reached skill level 7 in Unarmed Combat
  5549 | D:6      | Learned a level 3 spell: Spider Form
  5563 | D:6      | Learned a level 4 spell: Ice Form
  5692 | D:6      | Reached skill level 1 in Poison Magic
  5831 | D:6      | Found a glowing golden altar of the Shining One.
  5921 | D:6      | Found a blossoming altar of Fedhas.
  5963 | D:6      | Found Wusheuma's Assorted Antiques.
  6118 | D:6      | Found a stormy altar of Qazlal.
  6124 | D:6      | Identified the +0 cloak of Weirdness {rN+ MP+9}
  6354 | D:7      | Found a staircase to the Ecumenical Temple.
  6381 | D:7      | Reached XP level 9. HP: 44/68 MP: 17/17
  6410 | Temple   | Entered the Ecumenical Temple
  6729 | Temple   | Became a worshipper of Ru the Awakened
  7703 | D:7      | Reached skill level 8 in Unarmed Combat
  7808 | D:7      | Found Uxtus's Lightly-Used Armoury.
  7937 | D:7      | Found Mitur's Antique Weapon Boutique.
  8139 | D:7      | Identified the +7 dagger of Buedgh {freeze, rPois rF-
                  | Will++ Stlth+}
  8524 | D:8      | Reached skill level 1 in Short Blades
  8778 | D:8      | Gained mutation: You cannot study or use magical devices.
                  | [Ru sacrifice]
  8778 | D:8      | Reached * piety under Ru
  8778 | D:8      | Reached ** piety under Ru
  8802 | D:8      | Found a staircase to the Lair.
  9316 | D:8      | Reached XP level 10. HP: 68/77 MP: 19/19
  9380 | D:8      | Found Gepagoj's Antique Armour Emporium.
  9432 | D:8      | Found an ornate altar of the Wu Jian Council.
  9460 | D:8      | Found an iron altar of Okawaru.
  9687 | D:8      | Noticed a two-headed ogre
  9691 | D:8      | Killed a two-headed ogre
  9692 | D:8      | Reached skill level 5 in Poison Magic
  9845 | D:6      | Bought a tiny bone amulet for 130 gold pieces
  9995 | D:9      | Found Urghuwui's Firing Range.
 10577 | D:9      | Reached skill level 5 in Dodging
 10906 | D:9      | Found a hide-covered altar of Uskayaw.
 10911 | D:9      | Found a shimmering blue altar of Sif Muna.
 10971 | D:10     | Entered Level 10 of the Dungeon
 10971 | D:10     | Noticed Nergalle
 10996 | D:10     | HP: 3/68 [spectral orc warrior/+0 flail[Nergalle] (7)]
 10996 | D:10     | Mangled by a spectral orc knight

Illustrated notes

Levels and vault maps discovered:
D:1:      heliophobic_arrival_battle_scene, layout_loops_corners, st_stairs_9
D:2:      layout_basic, uniq_natasha
D:3:      layout_basic, elyvilon_altar_3, serial_rivers,
          chequers_serial_rivers_small_b, chequers_serial_rivers_micro_a,
          chequers_serial_rivers_marsh, chequers_serial_rivers_large_a,
          chequers_serial_rivers_small_3, shapermc_ecumenical_altar_ellora,
          serial_shops, shop, uniq_sigmund, uniq_jessica
D:4:      layout_rooms, mainiacjoe_overflow_six_doors_small, serial_bayou,
          serial_bayou_lake_a, serial_bayou_pond_c, serial_bayou_crossing,
          serial_bayou_pond_e, minmay_ogre_servants, uniq_duvessa, uniq_robin,
          uniq_crazy_yiuf_cottage, uniq_eustachio
D:5:      layout_loops_cross, nicolae_stop_n_shop_2
D:6:      layout_rooms, fedhas_altar_decomposition, mainiacjoe_overflow_paths,
          lemuel_doored_altar, serial_shops, shop_coins
D:7:      layout_basic, minmay_temple_entry_glass, serial_shops, shop,
          serial_park_tiny_1, serial_bayou_pond_b,
          chequers_serial_rivers_room_a, minmay_parallelograms,
          hangedman_abyss_or_decor_slice, minmay_misc_feat_cross,
          minmay_shop_damaged
D:8:      layout_gridville, mainiacjoe_overflow_big_doors, lair_entry_dummy,
          serial_shops, shop, grunt_ministairs_6
D:9:      layout_stronghold, amethyst_overflow_temple_binary,
          nicolae_shop_firing_range
D:10:     layout_big_octagon, vehumet_crystals, orc_0_dummy, uniq_grum,
          uniq_nergalle
Temple:   minmay_temple_bridge_abc

Skill      XL: |  1  2  3  4  5  6  7  8  9 10 |
---------------+-------------------------------+-----
Dodging        | 2 3 4 5 |  5.0
Unarmed Combat | 4 5 6 7 8 |  8.5
Spellcasting   | 3 4 5 6 |  6.9
Transmutations | 3 4 5 6 7 |  7.4
Stealth        | 1 2 3 |  3.2
Fighting       | 2 3 |  3.6
Poison Magic   | 2 4 5 |  5.4
Short Blades   | 2 3 |  3.3

Action                   |  1- 3 |  4- 6 |  7- 9 | 10-12 || total
-------------------------+-------+-------+-------+-------++-------
Melee: Unarmed           |    84 |    89 |   345 |       ||   518
       Headbutt          |    16 |    18 |    74 |    15 ||   123
       Tailslap          |     5 |    11 |    44 |    13 ||    73
       Kick              |    12 |    17 |    99 |    35 ||   163
       Punch             |     1 |     2 |    18 |     3 ||    24
       Dagger            |       |       |    53 |    86 ||   139
 Cast: Beastly Appendage |    27 |    17 |    46 |     8 ||    98
       Wereblood         |     3 |     4 |    38 |     6 ||    51
       Spider Form       |       |       |     1 |       ||     1
Invok: Sacrifice Artific |       |       |     1 |       ||     1
 Abil: Breathe Noxious F |       |       |     1 |     3 ||     4
  Use: Potion            |       |     1 |       |       ||     1
 Stab: Confused          |       |       |       |     2 ||     2
       Sleeping          |       |       |       |     1 ||     1
Armor: Skin              |    15 |    17 |   130 |    24 ||   186
Dodge: Dodged            |    47 |    37 |   228 |    51 ||   363

Table legend: (Time is in decaauts)
 A = Elapsed time spent in this place.
 B = Non-inter-level travel time spent in this place.
 C = Inter-level travel time spent in this place.
 D = Time resting spent in this place.
 E = Time spent auto-exploring this place.
 F = Levels seen in this place.
 G = Mean time per level.
                   A        B        C        D        E       F      G
               +--------+--------+--------+--------+--------+-----+--------+
         Total |  10998 |  10588 |    410 |    521 |   8571 |  11 |  999.8 |
       Dungeon |  10104 |   9741 |    363 |      9 |   8283 |  10 | 1010.4 |
        Temple |    894 |    847 |     47 |    512 |    288 |   1 |  894.0 |
               +--------+--------+--------+--------+--------+-----+--------+

Top non-repeatable levels by time:
     D:8: 1565 daAuts
     D:4: 1389 daAuts
     D:3: 1185 daAuts
     D:1: 1160 daAuts
     D:9: 1078 daAuts
     D:5: 1045 daAuts
     D:7: 1033 daAuts
  Temple: 894 daAuts
     D:6: 847 daAuts
     D:2: 778 daAuts
    D:10: 21 daAuts
